 Dungeon Crawl Stone Soup version 0.17.1-3-g152610e (webtiles) character file.

13743 Gargoyl the Protected (level 11, 0/89 HPs)
             Began as a Demonspawn Abyssal Knight on Apr 15, 2016.
             Was the Champion of Lugonu.
             Slain by an orc warrior
             ... wielding a +0 battleaxe
              (8 damage)
             ... on level 1 of the Elven Halls.
             The game lasted 00:28:51 (13086 turns).

Gargoyl the Protected (Demonspawn Abyssal Knight)  Turns: 13086, Time: 00:28:51

Health: 0/89       AC: 20    Str: 22    XL:     11   Next: 79%
Magic:  13/13      EV:  8    Int: 13    God:    Lugonu [******]
Gold:   1485       SH:  0    Dex: 12    Spells: 0 memorised, 10 levels left

rFire  . . .     SeeInvis +     T - +5 battleaxe
rCold  . . .     Clarity  +     Y - +0 plate armour
rNeg   . . .     SustAt   .     (shield currently unavailable)
rPois  .         Gourm    .     (helmet unavailable)
rElec  .         Spirit   .     (no cloak)
rCorr  .         Warding  .     (no gloves)
rMut   .         Stasis   .     n - +2 pair of boots
MR     .....                    N - amulet of clarity
Stlth  ..........               M - +5 ring of slaying
                                k - +4 ring of slaying

@: mighty, not resistant to hostile enchantments, extremely unstealthy
A: antennae 3, thin metallic scales 1, powered by death 1
a: Depart the Abyss, Bend Space, Banish, Corrupt, Enter the Abyss, Brand Weapon
With Distortion, Renounce Religion


You were on level 1 of the Elven Halls.
You worshipped Lugonu.
Lugonu was exalted by your worship.
You were not hungry.

You visited 3 branches of the dungeon, and saw 16 of its levels.
You visited the Abyss 1 time.
You also visited: Sewer.

You collected 1485 gold pieces.

Inventory:

Hand Weapons
 g - a +0 blowgun
 D - a +2 flail of draining
 T - a +5 battleaxe (weapon)
Missiles
 m - 48 poisoned needles
 w - 6 steel javelins (quivered)
 S - 2 javelins
Armour
 d - a +0 chain mail
 n - a +2 pair of boots (worn)
 Y - a +0 plate armour (worn)
Jewellery
 k - a +4 ring of slaying (left hand)
 t - an uncursed ring of ice
 H - an uncursed ring of wizardry
 K - an uncursed ring of ice
 M - a +5 ring of slaying (right hand)
 N - an amulet of clarity (around neck)
 U - an uncursed amulet of regeneration
Wands
 B - a wand of digging (8)
 E - a wand of teleportation (5)
 J - a wand of slowing (28)
 P - a wand of fireball (1)
Scrolls
 e - 3 scrolls of amnesia
 r - 10 scrolls of identify
 v - 2 scrolls of magic mapping
 A - 5 scrolls of teleportation
 G - 5 scrolls of remove curse
Potions
 a - a potion of ambrosia {unknown}
 b - 3 potions of heal wounds {unknown}
 f - 4 potions of brilliance
 h - 3 potions of agility
 i - 2 potions of cancellation {unknown}
 l - 3 potions of haste {unknown}
 o - 3 potions of beneficial mutation {unknown}
 p - a potion of invisibility {unknown}
 q - 10 potions of curing
 s - 4 potions of might
 u - 2 potions of degeneration {unknown}
 z - 2 potions of flight {unknown}
 I - 2 potions of poison {unknown}
 Q - a potion of mutation {unknown}
 W - a potion of lignification {unknown}
Books
 C - a book of Unlife

   Spells                             Type                      Level
   a - Recall                         Summoning/Translocation      3
   b - Animate Dead                   Necromancy                   4
   c - Control Undead                 Necromancy                   4
   d - Cigotuvi's Embrace             Necromancy                   5
   e - Death Channel                  Necromancy                   6
   f - Simulacrum                     Ice/Necromancy               6
 O - a book of Debilitation

   Spells                             Type                      Level
   a - Corona                         Hexes                        1
   b - Slow                           Hexes                        2
   c - Gell's Gravitas                Hexes/Translocation          3
   d - Inner Flame                    Hexes/Fire                   3
   e - Cause Fear                     Hexes                        4
   f - Leda's Liquefaction            Hexes/Earth                  4
Miscellaneous
 V - a sack of spiders
Comestibles
 c - 2 bread rations
 j - 2 meat rations
 x - 5 beef jerkies
 L - 2 slices of pizza
 R - 9 royal jellies


   Skills:
 + Level 9.4 Fighting
 + Level 9.8 Axes
 * Level 11.4 Armour
 + Level 4.1 Dodging
 + Level 0.2 Stealth
   Level 1.2 Shields
 + Level 3.6 Invocations


You had 10 spell levels left.
You didn't know any spells.

Dungeon Overview and Level Annotations

Branches:
Dungeon (11/15)            Temple (0/1) D:4            Lair (0/8) D:11
    Orc (4/4) D:11            Elf (1/3) Orc:4

Altars:
Ashenzari
Dithmenos
Gozag
Makhleb
Nemelex Xobeh
Okawaru
Qazlal
Ru
Zin
Beogh


Innate Abilities, Weirdness & Mutations

You have a pair of large antennae on your head (SInv).
You are partially covered in thin metallic scales (AC +2).
You regenerate a little health from kills.


Message History

The orc warrior hits you but does no damage.
You miss the orc warrior.
The orc warrior is severely wounded.
You hit the orc warrior.
The orc warrior is lightly wounded.
The orc warrior hits you with an uncursed battleaxe!!
The orc warrior hits you but does no damage.
You hit the orc warrior.
The orc warrior is almost dead.
You miss the orc warrior.
The orc warrior is lightly wounded.
The orc warrior hits you with an uncursed battleaxe.
* * * LOW HITPOINT WARNING * * *
The orc warrior hits you with an uncursed broad axe!!
* * * LOW HITPOINT WARNING * * *
Drink which item? (? for menu, Esc to quit)
It was a potion of might.
You feel very mighty all of a sudden.
The orc warrior hits you with an uncursed battleaxe!
You die...

##.###
#.(.#..{
###.#.#
#(#.#
#[#.#
#)#.#
##...##
#..o..#
#.<@..#
#..o..#
#######


You could see 2 orc warriors.

Vanquished Creatures
  Josephine (D:11)
  A deep elf conjurer (Elf:1)
  A cyclops (Orc:4)
  4 trolls
  Grinder (D:6)
  A two-headed ogre (D:11)
  4 deep elf magi
  6 wraiths (D:11)
  Sigmund (D:5)
  A hill giant zombie (D:11)
  2 wyverns
  6 yaks (D:11)
  A deep elf fighter (Elf:1)
  3 hungry ghosts
  A warg (Orc:3)
  3 ice beasts
  8 orc warriors
  A necrophage (D:9)
  A wasp (D:11)
  4 black bears
  2 phantoms
  4 ogres
  8 centaurs
  4 big kobolds
  4 giant frogs
  A gnoll sergeant (D:8)
  3 scorpions
  4 killer bees
  9 wights (D:8)
  2 centaur zombies
  20 orc priests
  A giant frog zombie (D:7)
  A wasp zombie (D:7)
  7 jellies
  A quasit (D:9)
  4 hounds
  19 orc wizards
  2 centaur skeletons
  4 giant frog skeletons
  2 iguanas
  11 worker ants
  7 ogre zombies (D:11)
  A hound skeleton (D:9)
  A hound zombie (D:7)
  7 gnolls
  A worker ant zombie (D:8)
  2 river rats (Sewer)
  11 adders
  A shadow imp (D:5)
  5 oozes (D:8)
  2 adder skeletons
  An adder zombie (D:10)
  2 worms
  5 giant geckos
  150 orcs
  16 bats
  3 giant cockroaches
  9 goblins
  5 hobgoblins
  13 jackals
  29 kobolds
  6 quokkas
  8 ball pythons
  9 giant newts
  3 goblin skeletons (D:11)
  2 goblin zombies (D:11)
  8 hobgoblin zombies (D:11)
  An orc skeleton (D:11)
  11 orc zombies (D:11)
  2 quokka zombies
  32 rats
517 creatures vanquished.

Vanquished Creatures (others)
  An orc high priest (Orc:3)
1 creature vanquished.

Grand Total: 518 creatures vanquished

Notes
Turn   | Place    | Note
--------------------------------------------------------------
     0 | Abyss:1  | Gargoyl the Demonspawn Abyssal Knight began the quest for the Orb.
     0 | Abyss:1  | Reached XP level 1. HP: 18/18 MP: 2/2
    82 | Abyss:1  | Noticed a deep elf summoner
   104 | Abyss:1  | Noticed a four-headed hydra
   106 | Abyss:1  | Noticed a thorn hunter
   107 | Abyss:1  | Noticed a sea snake
   108 | Abyss:1  | Noticed a snapping turtle
   108 | Abyss:1  | Noticed a black mamba
   109 | D:1      | Escaped the Abyss
   367 | D:1      | Reached * piety under Lugonu
   437 | D:1      | Gained mutation: You have a pair of small antennae on your head. [demonic ancestry]
   437 | D:1      | Reached XP level 2. HP: 24/24 MP: 4/4
   985 | D:2      | Reached XP level 3. HP: 29/29 MP: 5/5
   997 | D:2      | Reached skill level 1 in Dodging
  1121 | D:2      | Found a stormy altar of Qazlal.
  1378 | D:3      | Reached ** piety under Lugonu
  1417 | D:3      | Gained mutation: You have a pair of antennae on your head. [demonic ancestry]
  1417 | D:3      | Reached XP level 4. HP: 26/35 MP: 6/6
  2028 | D:3      | Reached XP level 5. HP: 20/41 MP: 7/7
  2514 | D:4      | Found a glowing drain.
  2523 | Sewer    | Entered a sewer
  2540 | Sewer    | Reached *** piety under Lugonu
  2905 | Sewer    | Reached **** piety under Lugonu
  2912 | Sewer    | Reached skill level 4 in Armour
  2912 | Sewer    | Reached XP level 6. HP: 36/48 MP: 8/8
  3817 | D:4      | Found a staircase to the Ecumenical Temple.
  3917 | D:4      | Gained mutation: You regenerate a little health from kills. [demonic ancestry]
  3917 | D:4      | Reached XP level 7. HP: 40/55 MP: 9/9
  4051 | D:4      | Noticed a phantom
  4083 | D:4      | Killed a phantom
  4083 | D:4      | Reached skill level 5 in Armour
  4277 | D:5      | Entered Level 5 of the Dungeon
  4441 | D:5      | Noticed Sigmund
  4450 | D:5      | Killed Sigmund
  4450 | D:5      | Reached skill level 6 in Armour
  5045 | D:6      | Reached XP level 8. HP: 57/61 MP: 10/10
  5377 | D:6      | Noticed Grinder
  5398 | D:6      | Paralysed by Grinder for 5 turns
  5407 | D:6      | Killed Grinder
  5407 | D:6      | Reached skill level 5 in Fighting
  5408 | D:6      | Found a shadowy altar of Dithmenos.
  5414 | D:6      | Found an iron altar of Okawaru.
  5416 | D:6      | Found a shattered altar of Ashenzari.
  5416 | D:6      | Found a burning altar of Makhleb.
  5487 | D:6      | Found a glowing silver altar of Zin.
  5487 | D:6      | Found an opulent altar of Gozag.
  5488 | D:6      | Found a sacrificial altar of Ru.
  5669 | D:6      | Reached skill level 7 in Armour
  6320 | D:7      | Reached skill level 5 in Axes
  6320 | D:7      | Reached skill level 8 in Armour
  6320 | D:7      | Gained mutation: You are partially covered in thin metallic scales (AC +2). [demonic ancestry]
  6320 | D:7      | Reached XP level 9. HP: 30/68 MP: 11/11
  6473 | D:7      | Reached ***** piety under Lugonu
  6483 | D:7      | Reached skill level 1 in Shields
  7479 | D:8      | Reached skill level 9 in Armour
  8561 | D:10     | Entered Level 10 of the Dungeon
  8569 | D:9      | Reached XP level 10. HP: 73/77 MP: 12/12
  8618 | D:10     | Found a sparkling altar of Nemelex Xobeh.
  9292 | D:11     | Noticed Josephine
  9334 | D:11     | Killed Josephine
  9334 | D:11     | Reached skill level 10 in Armour
  9368 | D:11     | Reached ****** piety under Lugonu
  9432 | D:11     | Found a staircase to the Orcish Mines.
  9502 | D:11     | Gained mutation: You have a pair of large antennae on your head (SInv). [demonic ancestry]
  9502 | D:11     | Reached XP level 11. HP: 53/86 MP: 13/13
  9631 | D:11     | Found a staircase to the Lair.
 10088 | Orc:1    | Entered Level 1 of the Orcish Mines
 10253 | Orc:1    | Reached skill level 11 in Armour
 10297 | Orc:1    | Found a roughly hewn altar of Beogh.
 10691 | Orc:3    | Found a roughly hewn altar of Beogh.
 11279 | Orc:3    | Noticed an orc high priest
 11288 | Orc:3    | Banished an orc high priest
 11866 | Orc:4    | Entered Level 4 of the Orcish Mines
 12116 | Orc:4    | Found a staircase to the Elven Halls.
 12229 | Elf:1    | Entered Level 1 of the Elven Halls
 13086 | Elf:1    | Slain by an orc warrior

Action                   |  1- 3 |  4- 6 |  7- 9 | 10-12 || total
-------------------------+-------+-------+-------+-------++-------
Melee: Hand axe          |    91 |   211 |   387 |       ||   689
       Battleaxe         |       |       |   105 |   440 ||   545
Invok: Depart the Abyss  |     1 |       |       |       ||     1
       Banish            |       |       |       |     1 ||     1
  Use: Scroll            |       |     8 |     7 |     6 ||    21
       Potion            |       |       |       |     5 ||     5
  Eat: Chunk             |     1 |     9 |    16 |     8 ||    34
       Meat ration       |       |       |     1 |     3 ||     4
       Fruit             |       |       |       |     9 ||     9
       Royal jelly       |       |       |       |     1 ||     1
